 Dungeon Crawl Stone Soup version 0.18-a0-1197-g8004e50 (webtiles) character file.

290 Ijustatesigmund the Cudgeler (level 6, -4/49 HPs)
             Began as a Demonspawn Fighter on Jan 30, 2016.
             Slain by an ogre
             ... wielding a +0 giant club
              (9 damage)
             ... on level 4 of the Dungeon.
             The game lasted 00:08:52 (4006 turns).

Ijustatesigmund the Cudgeler (Demonspawn Fighter)   Turns: 4006, Time: 00:08:53

Health: -4/49      AC:  7    Str: 16    XL:     6   Next: 9%
Magic:  6/6        EV:  6    Int: 10    God:
Gold:   176        SH:  8    Dex: 14    Spells: 0 memorised, 5 levels left

rFire  + . .     SeeInvis .     a - +1 flail
rCold  . . .     Gourm    .     b - +0 scale mail
rNeg   . . .     Faith    .     c - +0 shield
rPois  .         Spirit   .     (helmet restricted)
rElec  .         Dismiss  .     i - +0 cloak
rCorr  .         Reflect  .     (no gloves)
SustAt .         Harm     .     (no boots)
MR     .....                    (no amulet)
Stlth  +.........               (no ring)
                                h - ring of stealth

@: not resistant to hostile enchantments, very unstealthy
A: horns 1, fire resistance 1, flame cloud immunity
a: no special abilities


You were on level 4 of the Dungeon.
You were not hungry.

You visited 1 branch of the dungeon, and saw 4 of its levels.

You collected 176 gold pieces.

Inventory:

Hand Weapons
 a - a +1 flail (weapon)
Missiles
 k - 5 poisoned tomahawks (quivered)
Armour
 b - a +0 scale mail (worn)
 c - a +0 shield (worn)
 i - a +0 cloak (worn)
 m - a +0 helmet
Jewellery
 h - a ring of stealth (left hand)
Wands
 l - a wand of slowing (6/48)
Scrolls
 e - 3 scrolls of remove curse
Potions
 d - a potion of flight {unknown}
 g - a potion of cure mutation
 n - a potion of ambrosia {unknown}
Comestibles
 f - 3 bread rations


   Skills:
 + Level 4.5 Fighting
 * Level 4.9 Maces & Flails
 - Level 2.6 Armour
 - Level 2.6 Shields


You had 5 spell levels left.
You didn't know any spells.

Dungeon Overview and Level Annotations

Branches:
Dungeon (4/15)
 Temple: D:4-7

Altars:
Gozag
Kikubaaqudgha
Qazlal
Trog
Vehumet


Innate Abilities, Weirdness & Mutations

You have a pair of small horns on your head.
Your flesh is heat resistant.
You are immune to clouds of flame.


Message History

The ogre is moderately wounded.
The ogre hits you with a giant club!
* * * LOW HITPOINT WARNING * * *
You are too injured to fight recklessly!
You are too injured to fight recklessly!
You are too injured to fight recklessly!
You are too injured to fight recklessly!
You are too injured to fight recklessly!
You hit the ogre but do no damage.
You headbutt the ogre, but do no damage.
The ogre is moderately wounded.
You block the ogre's attack.
You hit the ogre.
The ogre is heavily wounded.
The ogre hits you with a giant club.
* * * LOW HITPOINT WARNING * * *
You hit the ogre.
The ogre is heavily wounded.
The ogre hits you with a giant club!
You die...

....? #.#
.##. .. .#
#######
##..... #...#
#<.@#
#......O..#
#.>........#
##.......##.#
###..)### .#
#...# ##.##
#..


You could see an ogre.

Vanquished Creatures
  3 slaves
  Crazy Yiuf (D:3)
  An orc priest (D:3)
  A hound (D:3)
  Ijyb (D:3)
  Jessica (D:2)
  Robin (D:2)
  4 adders
  3 worms
  A giant gecko (D:2)
  9 orcs
  A giant cockroach (D:4)
  3 hobgoblins
  8 jackals
  12 kobolds
  A quokka (D:2)
  9 bats
  5 giant newts
  21 goblins
  5 rats
  2 fungi (D:3)
93 creatures vanquished.

Notes
Turn   | Place    | Note
--------------------------------------------------------------
     0 | D:1      | Ijustatesigmund the Demonspawn Fighter began the quest for the Orb.
     0 | D:1      | Reached XP level 1. HP: 18/18 MP: 1/1
   263 | D:1      | Gained mutation: Your flesh is heat resistant. [demonic ancestry]
   263 | D:1      | Reached XP level 2. HP: 18/24 MP: 2/2
   995 | D:2      | Reached XP level 3. HP: 13/29 MP: 3/3
  1276 | D:2      | Found a radiant altar of Vehumet.
  1321 | D:2      | Noticed Jessica
  1325 | D:2      | Killed Jessica
  1372 | D:2      | Found an opulent altar of Gozag.
  1409 | D:2      | Gained mutation: You are immune to clouds of flame. [demonic ancestry]
  1409 | D:2      | Reached XP level 4. HP: 35/37 MP: 4/4
  1603 | D:2      | Noticed Robin
  1637 | D:2      | Killed Robin
  1853 | D:2      | Reached skill level 4 in Fighting
  2399 | D:3      | Reached XP level 5. HP: 3/42 MP: 5/5
  3102 | D:3      | Found a bloodstained altar of Trog.
  3102 | D:3      | Found a stormy altar of Qazlal.
  3102 | D:3      | Found an ancient bone altar of Kikubaaqudgha.
  3278 | D:3      | Noticed Ijyb
  3293 | D:3      | Killed Ijyb
  3472 | D:4      | Noticed a slave
  3480 | D:4      | Killed a slave
  3481 | D:4      | Noticed Pikel
  3482 | D:4      | Noticed a slave
  3482 | D:4      | Noticed a slave
  3482 | D:4      | Noticed a slave
  3606 | D:3      | Noticed Crazy Yiuf
  3621 | D:3      | Killed Crazy Yiuf
  3707 | D:4      | Killed a slave
  3732 | D:3      | Killed a slave
  3805 | D:3      | Gained mutation: You have a pair of small horns on your head. [demonic ancestry]
  3805 | D:3      | Reached XP level 6. HP: 20/49 MP: 6/6
  4006 | D:4      | Slain by an ogre

Vault maps used:
D:1:      denvon_arrival_waterhouse
D:2:      vehumet_crystals, grunt_gozag_statues, first_bread, uniq_robin,
          uniq_jessica
D:3:      gammafunk_temple_overflow_forgotten, uniq_crazy_yiuf_cottage,
          uniq_iyjb
D:4:      overflow_temple_1_default, temple_statues, serial_shops,
          kennysheep_little_box, uniq_pikel

Action                   |  1- 3 |  4- 6 || total
-------------------------+-------+-------++-------
Melee: Flail             |   120 |   275 ||   395
Throw: Tomahawk          |       |     3 ||     3
Evoke: Wand              |       |     3 ||     3
  Use: Scroll            |     4 |     5 ||     9
       Potion            |     1 |     3 ||     4
  Eat: Chunk             |     2 |     7 ||     9
       Beef jerky        |       |     1 ||     1
